 Dungeon Crawl Stone Soup version 0.31-a0-1002-g8e65716e6e (webtiles) character file.

Game seed: 13060885000537001103

1873 Queen the Cudgeller (level 8, -2/62 HPs)
             Began as a Demonspawn Gladiator on Nov 10, 2023.
             Was an Initiate of Yredelemnul.
             Killed by divine providence
             ... invoked by an orc priest
              (11 damage)
             ... on level 6 of the Dungeon.
             The game lasted 00:32:52 (5420 turns).

Queen the Cudgeller (Demonspawn Gladiator)          Turns: 5420, Time: 00:32:52

Health: -2/62      AC: 15    Str: 16    XL:     8   Next: 91%
Magic:  11/11      EV: 11    Int: 10    God:    Yredelemnul [......]
Gold:   132        SH:  0    Dex: 15    Spells: 7/7 levels left

rFire   + . .        a - +3 flail (protect)
rCold   . . .        (no shield)
rNeg    . . .        v - +1 scale mail {rF+}
rPois   .            c - +0 helmet
rElec   .            k - +0 cloak
rCorr   .            x - +0 pair of gloves
SInv    .            y - +0 pair of boots
Will    .....        (no amulet) Stlth
                     (no ring)
HPRegen 0.30/turn    (no ring)
MPRegen 0.12/turn

%: no passive effects
@: no status effects
A: claws 1, icy blue scales 2, spiny 1, demonic magic 2
a: Renounce Religion, Recall Undead Harvest


You were on level 6 of the Dungeon.
You worshipped Yredelemnul.
Yredelemnul was noncommittal.
You visited 2 branches of the dungeon, and saw 7 of its levels.
You also visited: Sewer.

You collected 446 gold pieces.
You spent 314 gold pieces at shops.

Inventory:

Hand Weapons
 a - a +3 flail of protection (weapon)
 E - a +2 vampiric spear
Missiles
 d - 3 throwing nets (quivered)
 e - a javelin
Armour
 c - a +0 helmet (worn)
 k - a +0 cloak (worn)
 v - a +1 scale mail of fire resistance (worn)
 x - a +0 pair of gloves (worn)
 y - a +0 pair of boots (worn)
Talismans
 b - a flux talisman
Wands
 r - a wand of polymorph (5)
Scrolls
 g - a scroll of enchant armour {unknown}
 i - a scroll of amnesia {unknown}
 l - 3 scrolls of teleportation {unknown}
 n - a scroll of poison {unknown}
 o - 7 scrolls of identify {unknown}
 s - a scroll of silence {unknown}
 t - 2 scrolls of fear {unknown}
 u - 2 scrolls of enchant weapon {unknown}
 B - a scroll of immolation {unknown}
 D - a scroll of blinking
Potions
 f - 2 potions of heal wounds
 h - a potion of attraction {unknown}
 j - a potion of brilliance {unknown}
 m - 2 potions of enlightenment {unknown}
 p - a potion of invisibility {unknown}
 q - a potion of resistance {unknown}
 w - 2 potions of haste {unknown}
 z - a potion of berserk rage {unknown}
 A - a potion of curing {unknown}
 C - a potion of might {unknown}


   Skills:
 + Level 5.2 Fighting
 + Level 6.3 Maces & Flails
 - Level 3.0 Throwing
 + Level 4.2 Armour
 + Level 5.1 Dodging
 - Level 5.0 Invocations


You had 7 spell levels left.
You didn't know any spells.
Your spell library contained the following spells:

 Spells                   Type           Power      Damage    Failure   Level
 Magic Dart               Conj           0%         1d3       78%         1
 Sandblast                Erth           0%         2d4       78%         1
 Slow                     Hex            0%         N/A       78%         1
 Sting                    Tmut/Pois      0%         1d3       78%         1
 Searing Ray              Conj           0%         2d4       89%         2
 Confusing Touch          Hex            0%         N/A       98%         3
 Dazzling Flash           Conj/Hex       0%         N/A       98%         3
 Sigil of Binding         Hex            0%         N/A       98%         3
 Summon Guardian Golem    Hex/Summ       0%         N/A       98%         3
 Vampiric Draining        Necr           0%         2d6       98%         3
 Volatile Blastmotes      Fire/Tloc      0%         2d10      98%         3
 Fulminant Prism          Conj/Hex       0%         3d5       100%        4
 Leda's Liquefaction      Hex/Erth       0%         N/A       100%        4
 Eringya's Noxious Bog    Tmut/Pois      0%         4d6       100%        6
 Starburst                Conj/Fire      0%         6d3       100%        6
 Orb of Destruction       Conj           0%         9d5       100%        7
 Spellforged Servitor     Conj/Summ      0%         N/A       100%        7
 Lehudib's Crystal Spear  Conj/Erth      0%         10d2      100%        8
 Maxwell's Capacitive Co  Air            0%         ∞         100%        8


Dungeon Overview and Level Annotations

Branches:
Dungeon (6/15)             Temple (1/1) D:4           Sewer (visited)

Altars:
Ashenzari
Cheibriados
Dithmenos
Fedhas
Gozag
Makhleb
Nemelex Xobeh
Qazlal
Ru
Trog
Uskayaw
Vehumet
Wu Jian
Xom
Yredelemnul

Shops:
D:2 *([?

Annotations:
D:6 Menkaure


Innate Abilities, Weirdness & Mutations

You have sharp fingernails.
You are mostly covered in icy blue scales. (AC +3)
You are partially covered in sharp spines.
Spells you cast may paralyse nearby enemies.


Message History

The orc warrior hits you with a +0 trident.
The bullfrog is struck by your spines. The bullfrog barely misses you.
Your ogre zombie closely misses the orc warrior.
You barely miss the bullfrog.
The bullfrog is moderately wounded.
The bullfrog is struck by your spines.
The bullfrog hits you but does no damage.
The orc warrior hits your ogre zombie with a +0 trident!
The bullfrog is struck by your spines. The bullfrog misses you.
You completely miss the bullfrog.
The bullfrog is almost dead.
Menkaure calls on the powers of darkness!
The orc warrior convulses!
The orc priest convulses!
Your body is wracked with pain!
The orc warrior closely misses you. The bullfrog is struck by your spines.
You kill the bullfrog!
The dead are hopping!
Your ogre zombie hits the orc warrior but does no damage.
You swap places.
Menkaure calls on the powers of darkness!
The orc warrior convulses!
The orc priest convulses!
Your body is wracked with pain!
* * * LOW HITPOINT WARNING * * *
The orc warrior hits your ogre zombie with a +0 trident!
The orc warrior hits you but does no damage.
Something barely misses your bullfrog zombie.
Your bullfrog zombie closely misses the orc warrior.
Your ogre zombie closely misses the orc warrior.
You see here a +0 club.
Your bullfrog zombie barely misses the orc warrior.
Menkaure hits your ogre zombie!!
Your ogre zombie is destroyed!
There is an escape hatch in the ceiling, spattered with blood here.
Your bullfrog zombie hits the orc priest.
The orc warrior hits you from afar with a +0 trident.
* * * LOW HITPOINT WARNING * * *
The orc priest mumbles some strange prayers to Beogh against you.
Beogh smites you!
You die...
Your body rises from the dead as a mindless zombie.

##.######## #........#
..........###........#
##.######..##........#
#.# ##.##........#
#.#######...........#
#.#.....####.########
#.#.....# #..###
#.#.....# ##...#
#.#.....# ###@##
#.#.....# #.)###
#.#.....# ##.o.#
##.#.....##
###oM......
............ .Z.......
##.#.....###
###....... ##.#.....#
....... ..F#.....##
..####. ###O.......
#.#


You could see an orc warrior (ally target), Menkaure (fast), an orc priest and a
friendly bullfrog zombie.

Vanquished Creatures
  Prince Ribbit (D:6)
  A water moccasin (D:6)
  A black bear (D:5)
  2 ogres
  A phantom (D:5)
  3 bullfrogs
  2 scorpions
  A howler monkey (D:6)
  3 hounds
  2 jellies
  2 sleepcaps
  Crazy Yiuf (D:3)
  Jessica (D:3)
  An iguana (D:6)
  Ijyb (D:3)
  Terence (D:3)
  Natasha (twice) (D:3)
  3 orc wizards
  13 adders
  A shadow imp (D:6)
  3 white imps
  4 ufetubi
  2 dart slugs
  21 orcs
  18 endoplasms
  8 giant cockroaches
  16 goblins
  3 hobgoblins
  3 jackals (D:1)
  5 kobolds
  13 quokkas
  8 ball pythons
  3 bats
  10 frilled lizards
  7 rats
167 creatures vanquished.

Vanquished Creatures (collateral kills)
  A bullfrog (Sewer)
  A jelly (D:6)
  An endoplasm (Sewer)
  A giant cockroach (Sewer)
  3 quokkas (Sewer)
  6 ball pythons (Sewer)
  2 frilled lizards (Sewer)
  A kobold (D:4)
16 creatures vanquished.

Vanquished Creatures (others)
  An ogre zombie (D:6)
  An adder zombie (D:6)
  A jelly zombie (D:6)
  A spectral shadow imp (D:6)
  A ball python zombie (Sewer)
  An endoplasm zombie (Sewer)
  2 frilled lizard zombies (Sewer)
  A giant cockroach zombie (Sewer)
  3 goblin zombies
  An orc zombie (D:5)
  A quokka zombie (Sewer)
14 creatures vanquished.

Grand Total: 197 creatures vanquished

Notes
Turn   | Place    | Note
-------+----------+-------------------------------------------
     0 | D:1      | Queen the Demonspawn Gladiator began the quest for the Orb.
     0 | D:1      | Reached XP level 1. HP: 16/16 MP: 1/1
   382 | D:1      | Gained mutation: You are partially covered in icy blue
                  | scales. (AC +2) [demonic ancestry]
   382 | D:1      | Reached XP level 2. HP: 22/22 MP: 2/2
   494 | D:1      | Found a faded altar of an unknown god.
   505 | D:1      | Got Plato's Codex of Conflict
   702 | D:1      | Reached skill level 3 in Maces & Flails
   891 | D:2      | Found Geaxiugu's Antique Armour Shoppe.
   921 | D:2      | Gained mutation: Spells you cast may paralyse adjacent
                  | enemies. [demonic ancestry]
   921 | D:2      | Reached XP level 3. HP: 25/27 MP: 3/3
   952 | D:2      | Found Zegadyff's General Store.
   959 | D:2      | Bought a potion of heal wounds for 60 gold pieces
  1152 | D:2      | Found Yjaohypp's Weapon Boutique.
  1241 | D:2      | Found Plog's Magic Scroll Emporium.
  1753 | D:3      | Noticed Natasha
  1753 | D:3      | Noticed Jessica
  1857 | D:3      | Reached skill level 1 in Armour
  1875 | D:3      | Noticed Ijyb
  1990 | D:3      | Killed Ijyb
  1991 | D:3      | Gained mutation: Spells you cast may paralyse nearby
                  | enemies. [demonic ancestry]
  1991 | D:3      | Reached XP level 4. HP: 34/34 MP: 4/4
  2042 | D:3      | Noticed Terence
  2054 | D:3      | Killed Terence
  2197 | D:3      | Found a runed translucent door.
  2198 | D:3      | Noticed Crazy Yiuf
  2204 | D:3      | Killed Crazy Yiuf
  2205 | D:3      | Gained mutation: You are mostly covered in icy blue scales.
                  | (AC +3) [demonic ancestry]
  2205 | D:3      | Reached XP level 5. HP: 25/39 MP: 5/5
  2272 | D:3      | Killed Natasha
  2392 | D:3      | Killed Jessica
  2475 | D:3      | Reached skill level 4 in Maces & Flails
  2498 | D:3      | Noticed Natasha
  2505 | D:3      | Killed Natasha
  2958 | D:2      | Bought a +3 flail of protection for 254 gold pieces
  3069 | D:4      | Found a staircase to the Ecumenical Temple.
  3079 | D:4      | Gained mutation: You have sharp fingernails. [demonic
                  | ancestry]
  3079 | D:4      | Reached XP level 6. HP: 44/47 MP: 6/6
  3105 | Temple   | Entered the Ecumenical Temple
  3175 | Temple   | Became a worshipper of Yredelemnul the Dark
  3403 | D:4      | Reached * piety under Yredelemnul
  3676 | D:4      | Reached ** piety under Yredelemnul
  3691 | D:4      | Reached skill level 1 in Invocations
  3763 | D:4      | Found an ornate altar of the Wu Jian Council.
  3787 | D:5      | Entered Level 5 of the Dungeon
  4003 | D:5      | Gained mutation: You are partially covered in sharp spines.
                  | [demonic ancestry]
  4003 | D:5      | Reached XP level 7. HP: 51/52 MP: 8/8
  4081 | D:5      | Reached skill level 5 in Maces & Flails
  4168 | D:5      | Reached *** piety under Yredelemnul
  4312 | D:5      | Reached **** piety under Yredelemnul
  4626 | Sewer    | Identified the "Saodghy Rome"
  4744 | D:6      | Reached XP level 8. HP: 53/60 MP: 10/10
  4767 | D:6      | Found a glowing drain.
  4776 | Sewer    | Entered a sewer
  5285 | D:6      | Noticed Prince Ribbit
  5345 | D:6      | Killed Prince Ribbit
  5346 | D:6      | Reached skill level 6 in Maces & Flails
  5368 | D:6      | Reached skill level 5 in Fighting
  5407 | D:6      | Reached skill level 5 in Dodging
  5409 | D:6      | Noticed Menkaure
  5412 | D:6      | Reached skill level 5 in Invocations
  5420 | D:6      | Killed from afar by an orc priest

Illustrated notes

Levels and vault maps discovered:
D:1:      minmay_arrival_split_and_join, layout_loops_ring,
          shapermc_ecumenical_altar_rom_forum, minivault_24
D:2:      layout_loops_corners, serial_shops, shop_coins, shop,
          nicolae_shop_behind_doors, nicolae_shop_tiny_real_fake_doors
D:3:      layout_basic, serial_curves, eino_curves_04, eino_curves_02,
          uniq_ijyb, uniq_terence, uniq_natasha, uniq_crazy_yiuf_cottage,
          uniq_jessica
D:4:      layout_loops_ring, pdpol_wu_jian_five_deadly_venoms, temple_green
D:5:      layout_loops_ring, minmay_ogre_servants
D:6:      layout_basic, mainiacjoe_overflow_catwalk, portal_sewer_entry_d,
          kennysheep_flooded_box, uniq_prince_ribbit1, uniq_menkaure
Temple:   minmay_temple_bridge_d

Skill      XL: |  1  2  3  4  5  6  7  8 |
---------------+-------------------------+-----
Throwing       | 2 3 |  3.0
Maces & Flails | 3 4 5 6 |  6.3
Dodging        | 3 4 5 |  5.1
Armour         | 1 2 3 4 |  4.2
Fighting       | 3 4 5 |  5.2
Invocations    | 1 3 5 |  5.0

Action                     |  1- 3 |  4- 6 |  7- 9 || total
---------------------------+-------+-------+-------++-------
  Melee: Flail             |   130 |   209 |   143 ||   482
         Unarmed           |     5 |       |       ||     5
         Punch             |       |       |     1 ||     1
 Invoke: Recall Undead Har |       |     2 |     2 ||     4
         Dark Bargain      |       |       |     3 ||     3
 Armour: Leather armour    |    44 |       |       ||    44
         Scale mail        |    56 |   184 |   121 ||   361
         Skin              |     5 |       |       ||     5
  Dodge: Dodged            |   114 |   121 |    86 ||   321

Table legend: (Time is in decaauts)
 A = Elapsed time spent in this place.
 B = Non-inter-level travel time spent in this place.
 C = Inter-level travel time spent in this place.
 D = Time resting spent in this place.
 E = Time spent auto-exploring this place.
 F = Levels seen in this place.
 G = Mean time per level.
                   A        B        C        D        E       F      G
               +--------+--------+--------+--------+--------+-----+--------+
         Total |   5638 |   5183 |    455 |    208 |   3141 |   8 |  704.8 |
       Dungeon |   4885 |   4568 |    317 |    208 |   2967 |   6 |  814.2 |
        Temple |    142 |      4 |    138 |      0 |      0 |   1 |  142.0 |
         Sewer |    610 |    610 |      0 |      0 |    174 |   1 |  610.0 |
               +--------+--------+--------+--------+--------+-----+--------+

Top non-repeatable levels by time:
     D:3: 1155 daAuts
     D:2: 1137 daAuts
     D:1: 761 daAuts
     D:5: 754 daAuts
     D:4: 749 daAuts
   Sewer: 610 daAuts
     D:6: 327 daAuts
  Temple: 142 daAuts
